Map: Romanticide LE

Players

SeeNoEvill

  • Race: Zerg Zerg
  • League: Platinum
  • Spawn Location: 5:00

ViBE - Winner!

  • Race: Protoss Protoss
  • League: Platinum
  • Spawn Location: 11:00

VOD

Have the link to the VOD?

Description

Time

  • Played on: March 31, 2021, 9:43 p.m.
  • Length: 11:46
Show
View Real Time Build Order
Export as new Build Order

SeeNoEvill Zerg 

Build Orders: Hatch First, Roach Hydra 

Get SALT Encoding   

  12  0:05  Drone  
  13  0:08  Drone  
  14  0:16  Overlord  
  14  0:36  Drone x2  
  14  0:38  Drone  
  17  0:48  Drone  
  18  0:59  Drone  
  18  1:00  Hatchery  
  18  1:03  Extractor  
  17  1:09  Drone  
  18  1:19  Spawning Pool  
  18  1:22  Drone  
  18  1:31  Drone  
  19  1:41  Overlord  
  19  1:54  Drone  
  20  2:05  Drone  
  21  2:09  Extractor  
  21  2:11  Queen  
  21  2:13  Queen  
  24  2:17  Drone  
  24  2:19  Drone  
  26  2:23  Drone  
  26  2:26  Drone  
  28  2:32  Metabolic Boost  
  28  2:38  Overlord  
  28  2:53  Queen  
  28  2:54  Queen  
  32  2:59  Drone x3  
  32  3:00  Drone  
  32  3:03  Drone  
  37  3:13  Spore Crawler, Drone  
  37  3:14  Drone  
  38  3:24  Overlord  
  38  3:32  Lair  
  38  3:37  Pneumatized Carapace  
  38  3:41  Drone x3  
  38  3:42  Drone  
  38  3:48  Drone x3  
  45  3:58  Drone x4  
  45  4:00  Drone  
  45  4:01  Drone  
  51  4:04  Extractor  
  51  4:06  Extractor  
  49  4:21  Drone x2  
  49  4:22  Overlord x2  
  51  4:43  Overseer  
  51  4:44  Hydralisk Den  
  50  4:47  Drone x2  
  50  4:51  Drone  
  53  4:58  Hatchery  
  52  5:01  Overlord x2  
  52  5:15  Muscular Augments  
  52  5:18  Hydralisk  
  52  5:19  Roach Warren, Hydralisk x5  
  63  5:22  Hydralisk  
  63  5:25  Hydralisk  
  67  5:36  Drone x4  
  71  5:55  Evolution Chamber  
  71  5:56  Evolution Chamber  
  69  6:05  Spire  
  69  6:08  Drone, Overlord x3  
  69  6:11  Queen  
  69  6:14  Drone x6  
  77  6:25  Drone x4  
  81  6:26  Grooved Spines  
  81  6:28  Drone x2  
  81  6:29  Drone x3  
  86  6:36  Zerg Missile Weapons Level 1  
  86  6:37  Zerg Ground Armor Level 1  
  86  6:52  Queen  
  88  6:54  Queen  
  88  6:56  Queen  
  88  6:59  Glial Reconstitution  
  94  7:01  Roach x3  
  94  7:02  Roach x2  
  94  7:05  Extractor x2  
  94  7:07  Overlord  
  100  7:09  Overlord x2  
  100  7:17  Zerg Flyer Weapons Level 1  
  100  7:20  Drone x6  
  106  7:35  Hatchery  
  105  7:54  Mutalisk x4  
  105  7:55  Mutalisk x4  
  121  8:01  Drone x7  
  128  8:08  Evolution Chamber  
  127  8:32  Infestation Pit  
  126  8:34  Zerg Missile Weapons Level 2  
  126  8:35  Zerg Melee Weapons Level 1, Zerg Ground Armor Level 2  
  126  8:38  Roach x5  
  126  8:40  Hydralisk  
  138  8:42  Overlord x5  
  138  8:45  Overlord  
  138  8:51  Queen  
  140  9:00  Drone x8  
  140  9:01  Drone  
  149  9:04  Hatchery  
  148  9:20  Hive  
  148  9:32  Hydralisk x2  
  148  9:33  Hydralisk x9  
  148  9:34  Hydralisk x2  
  148  9:35  Hydralisk  
  176  9:56  Roach x4  
  176  9:58  Overlord x5  
  144  10:16  Hydralisk x4  
  144  10:17  Hydralisk x4  
  116  10:30  Zergling x6  
  110  10:39  Zergling x2  
  110  10:40  Zergling x2  
  68  10:59  Hydralisk x3  
  49  11:16  Hydralisk x2  
  43  11:21  Hydralisk x2  
  43  11:22  Hydralisk  
Show
View Real Time Build Order
Export as new Build Order

ViBE Protoss - Winner!

Build Orders: 1 Gate Expand, Double Forge, Archon Immortal 

Get SALT Encoding   

  12  0:00  Probe  
  13  0:12  Probe  
  14  0:24  Pylon  
  14  0:27  Probe  
  15  0:42  Probe (Chrono Boost)  
  16  0:44  Gateway  
  16  0:50  Assimilator  
  16  0:54  Probe (Chrono Boost)  
  17  0:59  Probe (Chrono Boost)  
  18  1:08  Probe  
  19  1:20  Probe  
  20  1:28  Nexus  
  20  1:34  Cybernetics Core  
  20  1:37  Probe  
  21  1:49  Probe  
  21  1:50  Assimilator  
  21  1:52  Pylon  
  22  2:02  Probe  
  23  2:08  Stalker (Chrono Boost)  
  23  2:11  Warp Gate  
  23  2:14  Probe  
  26  2:26  Probe (Chrono Boost)  
  27  2:31  Sentry  
  29  2:38  Probe (Chrono Boost)  
  29  2:42  Probe (Chrono Boost)  
  31  2:48  Robotics Facility, Probe (Chrono Boost)  
  31  2:50  Probe (Chrono Boost)  
  33  2:52  Gateway  
  33  2:54  Probe (Chrono Boost)  
  33  2:55  Probe (Chrono Boost)  
  35  3:01  Stalker  
  37  3:07  Probe x2 (Chrono Boost)  
  37  3:10  Pylon  
  39  3:19  Probe (Chrono Boost)  
  41  3:23  Probe (Chrono Boost)  
  41  3:25  Probe (Chrono Boost)  
  42  3:30  Probe  
  43  3:35  Probe  
  43  3:37  Observer  
  45  3:41  Pylon  
  45  3:42  Probe  
  45  3:47  Probe  
  47  3:54  Probe  
  48  3:58  Nexus  
  48  3:59  Pylon, Probe  
  49  4:02  Pylon  
  49  4:06  Probe  
  50  4:11  Probe, Immortal  
  50  4:13  Stalker  
  57  4:17  Stalker  
  57  4:18  Probe  
  57  4:23  Assimilator  
  57  4:24  Probe  
  61  4:25  Assimilator  
  61  4:31  Probe (Chrono Boost)  
  62  4:36  Probe (Chrono Boost)  
  63  4:43  Probe (Chrono Boost)  
  65  4:46  Probe (Chrono Boost)  
  65  4:49  Probe (Chrono Boost)  
  66  4:53  Twilight Council  
  66  4:55  Forge, Probe, Immortal  
  66  4:57  Probe  
  66  4:59  Forge  
  72  5:00  Stalker  
  72  5:03  Stalker  
  76  5:09  Pylon  
  76  5:11  Probe x3  
  79  5:16  Pylon  
  79  5:22  Pylon  
  79  5:26  Pylon  
  79  5:28  Probe x3  
  82  5:31  Pylon  
  82  5:37  Assimilator  
  82  5:38  Assimilator  
  82  5:40  Probe x3  
  82  5:42  Gateway  
  85  5:44  Gateway  
  85  5:46  Charge  
  85  5:47  Gateway  
  85  5:49  Gateway  
  85  5:52  Probe x3  
  88  5:59  Protoss Ground Weapons Level 1 (Chrono Boost)  
  88  6:00  Protoss Ground Armor Level 1 (Chrono Boost), Templar Archives  
  88  6:04  Probe x2  
  88  6:05  Probe  
  91  6:16  Zealot x2  
  95  6:18  Probe x2  
  95  6:19  Probe  
  95  6:20  Immortal  
  102  6:30  Probe  
  102  6:31  Probe x2  
  105  6:33  Nexus  
  105  6:36  Pylon  
  105  6:42  Probe  
  105  6:43  Probe x2  
  105  6:46  High Templar x4  
  105  6:47  High Templar  
  118  6:50  High Templar  
  118  6:51  Archon  
  118  6:52  Archon  
  120  7:01  Probe x3  
  123  7:03  Archon  
  123  7:06  Immortal  
  127  7:12  Pylon  
  127  7:13  Probe x3  
  127  7:15  Pylon  
  130  7:23  Pylon  
  130  7:24  Zealot x4  
  130  7:25  Zealot, Probe  
  141  7:30  Probe x2  
  141  7:32  Zealot  
  145  7:37  Probe  
  145  7:42  Probe x2  
  145  7:44  Nexus  
  148  7:45  Pylon  
  148  7:48  Pylon  
  148  7:49  Probe x2  
  150  7:51  Pylon  
  150  7:53  Immortal  
  150  7:54  Probe  
  156  7:58  Zealot x3  
  156  7:59  Zealot x3  
  170  8:09  Unknown  
  167  8:18  Protoss Ground Weapons Level 2 (Chrono Boost), Protoss Ground Armor Level 2 (Chrono Boost)  
  167  8:21  Zealot x5  
  167  8:22  Zealot  
  179  8:32  Gateway  
  179  8:33  Gateway  
  179  8:37  Robotics Facility  
  179  8:39  Gateway  
  179  8:41  Gateway  
  179  8:42  Immortal  
  179  8:43  Gateway  
  179  8:46  Gateway  
  179  8:48  Gateway  
  183  8:49  Assimilator  
  183  8:51  Assimilator  
  183  8:57  High Templar x3  
  183  8:58  High Templar x3  
  195  9:02  Archon  
  195  9:03  Archon x2  
  195  9:10  Gateway  
  195  9:11  Gateway  
  195  9:14  Gateway  
  195  9:16  Gateway  
  195  9:19  Gateway  
  195  9:21  Gateway  
  195  9:22  Observer  
  196  9:30  Zealot x2  
  182  10:15  Immortal x2  
  182  10:19  Photon Cannon  
  174  10:21  Photon Cannon  
  174  10:23  Shield Battery, Zealot x7  
  174  10:24  Zealot x6  
  188  10:28  Photon Cannon  
  188  10:30  Shield Battery  
  188  10:32  Photon Cannon x2  
  188  10:35  Shield Battery  
  182  10:36  Photon Cannon  
  182  10:37  Photon Cannon  
  182  10:40  Photon Cannon  
  182  10:41  Photon Cannon  
  178  10:42  Shield Battery  
  178  10:43  Shield Battery  
  178  10:45  Photon Cannon  
  172  10:53  High Templar x11  
  172  10:54  High Templar x5  
  172  10:56  Immortal  
  172  10:57  Nexus, Immortal  
  196  10:59  Archon x5  
  196  11:00  Archon x3  
  196  11:01  Pylon  
  194  11:04  Pylon  
  190  11:30  Photon Cannon  
  190  11:32  Photon Cannon  
  190  11:33  Shield Battery  
  190  11:35  Assimilator  
  190  11:39  Assimilator  
Tags
 
Add a new tag
Caveats
  • Supply blocks, unpowered buildings, or Contaminate may cause inaccurate times.
  • Supply counts are checked every 10 seconds.